Map: Catalesque CE

Players

SteamedMilk

  • Race: Terran Terran
  • Spawn Location: 5:00

llllllllllll

  • Race: Protoss Protoss
  • Spawn Location: 5:00

Shivers - Winner!

  • Race: Zerg Zerg
  • League: Diamond
  • Spawn Location: 11:00

lllIIIlllIII - Winner!

  • Race: Protoss Protoss
  • League: Master
  • Spawn Location: 11:00

VOD

Have the link to the VOD?

Description

Time

  • Played on: Sept. 17, 2024, 2:45 a.m.
  • Length: 13:12
Show
View Real Time Build Order
Export as new Build Order

SteamedMilk Terran 

Build Orders: 2 Factory, Mech 

Get SALT Encoding   

  12  0:00  SCV  
  13  0:13  SCV  
  14  0:17  Supply Depot  
  14  0:25  SCV  
  15  0:29  Refinery  
  15  0:38  SCV  
  16  0:44  Barracks  
  16  0:50  SCV  
  17  0:57  Refinery  
  17  1:03  SCV  
  18  1:15  SCV  
  19  1:27  SCV  
  19  1:31  Factory  
  20  1:33  Barracks Tech Lab  
  20  1:40  Orbital Command  
  20  1:53  Factory  
  20  2:01  Barracks Reactor  
  20  2:07  Supply Depot  
  20  2:32  Siege Tank  
  20  2:35  Supply Depot  
  23  2:39  SCV  
  24  2:48  Hellion x2  
  28  2:52  SCV  
  29  3:04  Siege Tank, SCV  
  33  3:16  SCV  
  33  3:19  Hellion x2  
  38  3:31  Command Center  
  38  3:33  SCV  
  39  4:22  Hellion  
  39  4:43  Hellion, Siege Tank  
  39  4:44  Hellion  
  42  5:03  SCV  
  42  5:04  Orbital Command  
  42  5:05  Hellion  
  45  5:09  Armory  
  45  5:15  Siege Tank  
  45  5:16  Hellion  
  36  5:44  Hellion x2  
  36  5:45  SCV x2  
  36  5:49  Factory  
  42  5:56  Refinery  
  43  5:57  Command Center, SCV  
  36  6:20  Hellion x2, Siege Tank  
  36  6:22  Infernal Pre-Igniter  
  36  6:25  Terran Vehicle Weapons Level 1, Supply Depot  
  43  6:26  Armory  
  43  6:36  Factory Tech Lab  
  43  6:38  Factory  
  43  6:44  Hellion  
  43  6:45  Hellion  
  44  6:52  Siege Tank  
  46  7:04  Siege Tank  
  46  7:07  Hellion x2  
  53  7:13  SCV x2  
  55  7:17  SCV  
  55  7:18  Engineering Bay  
  56  7:25  SCV  
  57  7:42  Orbital Command  
  57  7:47  Hellion  
  57  7:48  Hellion, Siege Tank x2  
  67  7:53  SCV x2  
  67  7:57  Sensor Tower, Refinery  
  69  8:05  SCV  
  69  8:06  SCV  
  69  8:10  SCV  
  72  8:17  SCV  
  72  8:18  SCV  
  72  8:19  Supply Depot  
  74  8:21  Supply Depot  
  74  8:22  SCV  
  73  8:33  Siege Tank  
  76  8:41  Hellion x2, Siege Tank  
  83  8:43  SCV x2  
  85  8:48  Refinery  
  85  9:03  SCV  
  85  9:04  SCV x2  
  85  9:06  Factory Tech Lab  
  85  9:08  Hellion x2  
  92  9:41  Supply Depot  
  92  9:42  Supply Depot  
  92  9:43  Supply Depot  
  92  9:50  Siege Tank  
  93  9:58  Supply Depot  
  93  9:59  Terran Vehicle Weapons Level 2  
  93  10:00  Barracks Reactor, Terran Vehicle And Ship Armor Level 1  
  93  10:01  Starport  
  93  10:03  Hellion, Siege Tank x2, Supply Depot  
  93  10:04  Hellion  
  103  10:07  Supply Depot  
  103  10:08  Supply Depot  
  103  10:10  Refinery  
  103  10:26  SCV x2  
  103  10:27  SCV  
  98  10:44  Thor x3  
  98  10:46  Hellion x2, SCV  
  98  10:47  SCV x2  
  114  10:58  SCV  
  101  11:10  Hellion x2  
  90  11:17  Supply Depot  
  87  11:19  Supply Depot  
  87  11:23  Hi-Sec Auto Tracking  
  87  11:25  Factory  
  87  11:27  Siege Tank x3  
  87  11:28  Sensor Tower  
  87  11:32  Hellion  
  98  11:40  Supply Depot  
  99  11:47  SCV x3  
  99  11:49  Supply Depot  
  95  11:58  Hellion x2  
  95  11:59  Siege Tank x3  
  70  12:20  Hellion x2  
  56  12:31  Hellion  
Show
View Real Time Build Order
Export as new Build Order

llllllllllll Protoss 

Build Orders:  

Get SALT Encoding   

  12  0:12  Pylon  
  12  0:13  Probe (Chrono Boost)  
  13  0:25  Probe (Chrono Boost)  
  14  0:33  Forge  
  14  0:36  Probe (Chrono Boost)  
  15  0:58  Probe  
  16  1:13  Pylon  
  16  1:34  Photon Cannon  
  16  1:36  Photon Cannon  
  16  1:37  Gateway  
  16  1:46  Pylon  
  16  1:58  Pylon  
  16  2:06  Photon Cannon  
  16  2:07  Pylon  
  16  2:11  Photon Cannon  
  16  2:14  Photon Cannon  
  16  2:19  Photon Cannon  
  16  2:32  Photon Cannon  
  16  2:39  Photon Cannon  
  16  2:50  Photon Cannon  
  15  2:56  Photon Cannon  
  15  3:08  Photon Cannon  
  15  3:19  Photon Cannon  
  15  3:31  Photon Cannon  
  15  3:36  Probe (Chrono Boost)  
  16  3:48  Probe (Chrono Boost)  
  16  3:50  Photon Cannon  
  16  4:03  Probe (Chrono Boost)  
  16  4:06  Gateway  
  17  4:15  Probe (Chrono Boost)  
  18  4:19  Probe (Chrono Boost)  
  19  4:26  Assimilator  
  19  4:28  Assimilator  
  19  4:30  Probe (Chrono Boost)  
  20  4:42  Probe (Chrono Boost)  
  21  4:48  Probe (Chrono Boost)  
  22  4:56  Probe (Chrono Boost), Cybernetics Core  
  24  5:08  Probe (Chrono Boost)  
  24  5:14  Probe (Chrono Boost)  
  24  5:19  Nexus  
  25  5:25  Probe  
  25  5:27  Pylon  
  26  5:42  Probe  
  27  5:46  Stargate  
  27  5:50  Pylon  
  27  5:54  Probe  
  28  6:11  Probe  
  29  6:13  Photon Cannon  
  29  6:15  Shield Battery  
  29  6:16  Stargate  
  29  6:26  Photon Cannon  
  29  6:29  Shield Battery  
  33  6:47  Void Ray (Chrono Boost)  
  33  7:06  Photon Cannon  
  33  7:07  Shield Battery  
  33  7:08  Void Ray (Chrono Boost)  
  37  7:12  Pylon  
  37  7:16  Probe (Chrono Boost)  
  37  7:17  Probe (Chrono Boost)  
  39  7:26  Probe x2 (Chrono Boost)  
  41  7:35  Probe (Chrono Boost)  
  43  7:38  Probe (Chrono Boost)  
  44  7:46  Probe (Chrono Boost)  
  44  7:49  Probe (Chrono Boost)  
  53  7:58  Void Ray x2  
  53  8:04  Pylon, Photon Cannon  
  53  8:08  Probe  
  53  8:12  Assimilator  
  54  8:15  Assimilator  
  54  8:25  Nexus  
  54  8:36  Photon Cannon  
  54  8:37  Shield Battery  
  54  8:40  Pylon  
  54  8:41  Probe  
  54  8:42  Probe  
  56  8:53  Probe  
  56  8:54  Probe  
  58  9:01  Fleet Beacon  
  46  9:18  Photon Cannon  
  46  9:20  Shield Battery  
  46  9:21  Probe x2  
  48  9:33  Probe x2 (Chrono Boost)  
  50  9:42  Stargate  
  50  9:43  Stargate, Probe (Chrono Boost)  
  50  9:44  Probe (Chrono Boost)  
  50  9:45  Pylon  
  52  9:49  Probe (Chrono Boost)  
  52  9:51  Probe (Chrono Boost)  
  52  9:52  Probe (Chrono Boost)  
  55  9:57  Protoss Air Weapons Level 1 (Chrono Boost), Probe (Chrono Boost)  
  55  9:58  Probe x2 (Chrono Boost)  
  58  10:02  Probe (Chrono Boost)  
  58  10:04  Tempest, Probe  
  65  10:10  Tempest  
  65  10:12  Probe  
  65  10:14  Probe  
  72  10:16  Assimilator  
  72  10:20  Assimilator  
  72  10:40  Carrier x2  
  72  10:41  Probe  
  72  10:42  Probe x2  
  83  11:07  Carrier  
  83  11:08  Tempest  
  94  11:24  Nexus  
  94  11:27  Pylon  
  94  11:28  Pylon  
  94  11:30  Pylon  
  94  11:45  Carrier  
  94  11:46  Pylon, Tempest  
  105  11:49  Pylon, Shield Battery  
  105  11:51  Photon Cannon x2  
  105  11:52  Pylon  
  105  11:53  Shield Battery  
  105  11:58  Photon Cannon  
  105  12:01  Shield Battery  
  105  12:21  Tempest  
Show
View Real Time Build Order
Export as new Build Order

Shivers Zerg - Winner!

Build Orders: Pool First 

Get SALT Encoding   

  12  0:00  Drone  
  13  0:09  Drone  
  14  0:16  Overlord  
  14  0:23  Drone, Extractor  
  15  0:35  Drone x2  
  17  0:43  Drone  
  18  0:50  Spawning Pool  
  17  1:08  Hatchery  
  16  1:13  Drone  
  16  1:14  Extractor  
  16  1:15  Drone  
  16  1:18  Drone  
  18  1:26  Drone  
  19  1:38  Queen  
  19  1:39  Overlord  
  21  1:58  Spine Crawler  
  21  2:00  Zergling x2  
  21  2:03  Zergling x2  
  21  2:14  Queen  
  22  2:27  Spine Crawler  
  22  2:28  Drone x2  
  19  3:10  Zergling x6  
  19  3:11  Zergling x2  
  19  3:37  Drone x4  
  19  3:38  Drone x4  
  25  3:47  Drone  
  26  3:48  Queen  
  28  4:04  Metabolic Boost  
  28  4:06  Zergling x6  
  28  4:07  Zergling x2  
  32  4:16  Zergling x6  
  35  4:21  Overlord  
  35  4:37  Zergling x2  
  34  4:51  Zergling x2  
  34  4:52  Zergling x12  
  41  5:02  Overlord  
  41  5:03  Zergling x6  
  44  5:10  Overlord  
  44  5:15  Overlord  
  44  5:20  Queen x2  
  47  5:34  Zergling x6  
  47  5:35  Zergling x8  
  39  5:46  Zergling x2  
  39  5:47  Zergling x6  
  43  5:50  Zergling x6  
  38  6:22  Drone, Hatchery  
  38  6:23  Drone x4  
  42  6:29  Drone x2  
  42  6:30  Drone x3  
  47  6:33  Drone, Extractor  
  47  6:34  Drone  
  48  6:45  Extractor  
  47  6:51  Drone x3, Extractor  
  47  6:52  Drone x2  
  47  6:53  Drone  
  52  6:58  Evolution Chamber  
  51  7:01  Drone, Evolution Chamber  
  51  7:02  Drone x4  
  55  7:27  Zerg Melee Weapons Level 1  
  55  7:28  Zerg Missile Weapons Level 1  
  55  7:36  Drone x4, Roach Warren  
  58  7:37  Overlord x3  
  58  7:38  Baneling Nest  
  58  7:39  Drone x2  
  59  7:46  Drone x3  
  61  7:55  Drone x2  
  61  7:57  Drone  
  61  7:58  Drone x4  
  67  7:59  Drone  
  67  8:05  Hatchery  
  68  8:12  Overlord  
  68  8:14  Overlord  
  68  8:18  Lair  
  68  8:20  Roach  
  68  8:21  Roach x4  
  68  8:25  Baneling x4  
  78  8:29  Overlord  
  78  8:32  Spore Crawler  
  78  8:33  Spore Crawler  
  76  8:34  Spore Crawler  
  76  8:38  Spore Crawler  
  76  8:39  Spore Crawler  
  76  8:41  Spore Crawler  
  72  8:42  Drone, Spore Crawler  
  72  8:43  Drone, Spore Crawler  
  72  8:45  Drone  
  72  8:46  Drone  
  72  8:48  Drone  
  75  8:50  Drone x2  
  79  8:55  Roach  
  79  8:56  Spore Crawler  
  79  9:01  Queen  
  80  9:16  Roach x5  
  90  9:21  Queen, Spore Crawler  
  90  9:23  Zerg Melee Weapons Level 2  
  91  9:27  Zerg Ground Armor Level 1  
  91  9:37  Glial Reconstitution  
  90  9:38  Centrifugal Hooks  
  90  9:41  Drone x3  
  90  9:42  Drone x2  
  90  9:44  Roach x2  
  90  9:45  Roach  
  101  9:53  Zergling x4, Roach x3  
  101  9:57  Queen  
  111  10:02  Drone  
  111  10:03  Drone x5  
  111  10:05  Drone  
  118  10:07  Overseer  
  118  10:08  Pneumatized Carapace  
  118  10:13  Zergling x2  
  119  10:14  Overlord  
  119  10:15  Overlord  
  119  10:19  Zergling x2, Spine Crawler  
  119  10:25  Overlord  
  94  10:36  Zergling x12, Roach x4  
  94  10:37  Zergling x2, Roach x2  
  94  10:42  Overseer  
  113  10:45  Zergling x2  
  113  10:46  Zergling x2, Roach x4  
  123  10:54  Zergling x6, Roach x3  
  132  11:00  Extractor  
  132  11:03  Extractor  
  125  11:10  Drone x2  
  127  11:11  Drone  
  127  11:12  Drone x3  
  127  11:13  Overlord x2  
  127  11:15  Zergling x2, Roach x2  
  135  11:20  Baneling x7  
  135  11:21  Baneling x4  
  135  11:25  Baneling  
  135  11:26  Baneling  
  134  11:34  Extractor  
  134  11:35  Drone x3  
  134  11:36  Drone x3, Extractor  
  138  11:41  Zergling x6, Roach x2  
  138  11:42  Zergling x2, Roach, Infestation Pit  
  138  11:46  Overlord  
  130  12:05  Zergling x16, Roach x8  
  145  12:29  Hatchery  
  144  12:32  Zergling x6, Roach x6  
  144  12:35  Overlord  
  155  12:48  Hatchery  
  150  13:03  Spire  
Show
View Real Time Build Order
Export as new Build Order

lllIIIlllIII Protoss - Winner!

Build Orders: 1 Gate Expand, Blink Stalkers 

Get SALT Encoding   

  12  0:02  Probe  
  13  0:14  Probe  
  13  0:19  Pylon  
  14  0:26  Probe (Chrono Boost)  
  15  0:38  Probe (Chrono Boost)  
  15  0:41  Gateway  
  16  0:46  Probe (Chrono Boost)  
  17  0:50  Assimilator  
  17  0:53  Probe  
  18  1:05  Probe  
  19  1:17  Probe  
  20  1:33  Cybernetics Core  
  20  1:35  Nexus  
  20  1:40  Probe  
  20  1:46  Assimilator  
  21  1:58  Pylon  
  21  2:00  Zealot (Chrono Boost)  
  23  2:16  Probe  
  23  2:18  Stalker (Chrono Boost)  
  26  2:28  Probe  
  26  2:29  Shield Battery  
  27  2:31  Shield Battery  
  27  2:41  Stalker  
  29  2:44  Probe  
  29  2:50  Twilight Council  
  28  3:05  Probe  
  29  3:08  Cybernetics Core  
  29  3:17  Probe  
  29  3:19  Probe  
  31  3:29  Blink (Chrono Boost), Probe  
  31  3:31  Probe  
  31  3:33  Zealot  
  35  3:41  Probe  
  35  3:43  Probe  
  37  3:51  Gateway  
  37  3:53  Probe  
  37  3:55  Probe  
  39  4:01  Gateway  
  39  4:05  Probe  
  39  4:07  Probe  
  37  4:13  Warp Gate  
  39  4:17  Probe  
  39  4:23  Probe  
  41  4:27  Gateway  
  41  4:30  Pylon  
  35  4:40  Probe x2  
  35  4:51  Pylon  
  35  4:52  Probe  
  34  4:53  Probe  
  34  5:00  Stalker  
  34  5:04  Probe  
  34  5:05  Probe  
  39  5:17  Probe x2  
  41  5:25  Stalker  
  40  5:29  Probe x2  
  42  5:42  Probe  
  43  5:47  Probe  
  44  5:52  Pylon  
  44  5:54  Probe  
  45  5:59  Probe  
  46  6:06  Probe, Stalker x2  
  51  6:11  Probe  
  51  6:18  Probe  
  51  6:23  Probe  
  52  6:30  Probe, Nexus  
  52  6:31  Pylon  
  53  6:35  Probe  
  53  6:37  Assimilator  
  53  6:39  Gateway  
  54  6:40  Gateway, Shield Battery  
  54  6:42  Probe  
  54  6:46  Robotics Facility  
  53  6:48  Probe  
  54  6:54  Probe  
  54  7:00  Probe  
  56  7:02  Stalker x2  
  56  7:07  Probe  
  61  7:09  Shield Battery  
  61  7:12  Probe  
  62  7:16  Pylon  
  62  7:19  Probe  
  63  7:24  Probe  
  64  7:30  Shield Battery  
  64  7:31  Probe  
  64  7:32  Stalker  
  64  7:33  Stalker  
  64  7:36  Probe  
  70  7:38  Stalker x2  
  70  7:43  Probe  
  75  7:48  Probe  
  75  7:49  Probe  
  77  7:55  Probe  
  78  7:59  Forge  
  78  8:00  Probe  
  78  8:01  Probe, Forge  
  78  8:03  Gateway  
  78  8:04  Gateway  
  80  8:06  Assimilator  
  80  8:07  Probe  
  80  8:09  Gateway x2  
  80  8:12  Probe  
  82  8:13  Probe  
  82  8:17  Stalker  
  85  8:20  Nexus  
  85  8:21  Probe  
  86  8:27  Stalker x2  
  86  8:28  Protoss Ground Weapons Level 1 (Chrono Boost), Protoss Ground Armor Level 1 (Chrono Boost), Stalker  
  86  8:32  Probe  
  93  8:35  Charge (Chrono Boost)  
  93  8:42  Pylon  
  93  8:44  Pylon x2  
  93  8:53  Pylon  
  93  9:00  Observer (Chrono Boost), Probe x3  
  97  9:12  Probe x3  
  97  9:15  Shield Battery  
  100  9:21  Templar Archives  
  100  9:24  Probe x3  
  100  9:25  Observer  
  100  9:29  Stalker x4  
  100  9:30  Stalker x4  
  120  9:35  Probe  
  120  9:36  Probe x3  
  124  9:38  Gateway  
  124  9:40  Gateway  
  124  9:41  Gateway  
  124  9:43  Gateway, Assimilator  
  124  9:46  Assimilator  
  124  9:47  Probe  
  124  9:49  Assimilator x2, Probe x3  
  128  10:02  Nexus  
  128  10:03  Probe x3  
  128  10:04  Pylon  
  128  10:05  Probe  
  132  10:12  Protoss Ground Armor Level 2 (Chrono Boost)  
  132  10:13  Protoss Ground Weapons Level 2 (Chrono Boost)  
  132  10:18  Sentry  
  134  10:25  Pylon  
  134  10:26  Pylon  
  134  10:27  Pylon  
  134  10:29  Pylon  
  134  10:30  Pylon x2  
  134  10:37  Zealot  
  134  10:38  Zealot x6  
  148  10:45  Photon Cannon  
  128  11:08  Zealot  
  128  11:09  Zealot x7  
  128  11:10  Zealot x4  
  150  11:14  Warp Prism (Chrono Boost)  
  152  11:24  Photon Cannon  
  152  11:34  Photon Cannon  
  152  11:37  Photon Cannon  
  152  11:42  High Templar x2  
  152  11:43  Observer, High Templar x8  
  152  11:44  High Templar  
  152  11:45  High Templar  
  152  11:46  Archon  
  177  11:47  Archon x4  
  177  11:49  Archon  
  177  12:02  Robotics Bay  
  177  12:03  Robotics Facility  
  177  12:05  Robotics Facility  
  177  12:08  Dark Shrine  
  152  12:30  Stalker x5  
  152  12:31  Stalker x4  
  152  12:32  Stalker x3  
  136  13:07  Stalker x6  
  136  13:08  Stalker x4  
  136  13:09  Stalker x2  
Tags
 
Add a new tag
Caveats
  • Supply blocks, unpowered buildings, or Contaminate may cause inaccurate times.
  • Supply counts are checked every 10 seconds.